SKY
MILWAUKEE BREWERS @ MEMPHIS BLUES
05/12/2052
 
TOP OF THE 1ST
Milwaukee Brewers batting - Pitching for Memphis Blues : RHP Marc Masterson
Pitching: RHP Marc Masterson
Batting: LHB Yandy Zamano 0-0: Ball
1-0: Ball
2-0: Ball
3-0: Called Strike
3-1: Foul Ball, location: 2F
3-2: Fly out, F7 (Flyball, 7, EV 84.4 MPH)
Batting: RHB Jason Jarman 0-0: Swinging Strike
0-1: Swinging Strike
0-2: Strikes out looking
Batting: LHB Joshua Ragsdale 0-0: Ball
1-0: Ball
2-0: Fly out, F8 (Flyball, 78M, EV 91.3 MPH)
Top of the 1st over - 0 runs, 0 hits, 0 errors, 0 left on base; Milwaukee 0 - Memphis 0
BOTTOM OF THE 1ST
Memphis Blues batting - Pitching for Milwaukee Brewers : LHP Nat Southerland
Pitching: LHP Nat Southerland
Batting: RHB Julien Straton 0-0: Called Strike
0-1: Ground out 6-3 (Groundball, 6, EV 100.6 MPH)
Batting: RHB Urso Cardona 0-0: Called Strike
0-1: Swinging Strike
0-2: Strikes out swinging
Batting: RHB Yohan Roque 0-0: Fly out, F7 (Flyball, 7LS, EV 78.8 MPH)
Bottom of the 1st over - 0 runs, 0 hits, 0 errors, 0 left on base; Milwaukee 0 - Memphis 0
TOP OF THE 2ND
Milwaukee Brewers batting - Pitching for Memphis Blues : RHP Marc Masterson
Batting: RHB Nick Hodge 0-0: Ball
1-0: Called Strike
1-1: Called Strike
1-2: Foul Ball, location: 3FF
1-2: Ball
2-2: Ball
3-2: SOLO HOME RUN (Flyball, 7LD, EV 95.6 MPH), Distance : 352 ft
Batting: RHB Enzo Thomas 0-0: Called Strike
0-1: Ball
1-1: Foul Ball, location: 25FF
1-2: Foul Ball, location: 5F
1-2: Foul Ball, location: 2F
1-2: Ball
2-2: Strikes out swinging
Batting: LHB Samuel Vay 0-0: SINGLE (Groundball, 4MD, EV 97.5 MPH)
Batting: SHB Rayan Díaz 0-0: Ball
1-0: Swinging Strike
1-1: Foul Ball, location: 2F
1-2: Ball
2-2: Foul Ball, location: 2F
Pickoff Throw to First - Out! 1-3
2-2: Ball
3-2: Foul Ball, location: 7LMF
3-2: Strikes out looking
Top of the 2nd over - 1 run, 2 hits, 0 errors, 0 left on base; Milwaukee 1 - Memphis 0
BOTTOM OF THE 2ND
Memphis Blues batting - Pitching for Milwaukee Brewers : LHP Nat Southerland
Batting: LHB Caleb Oliver 0-0: Ball
1-0: Swinging Strike
1-1: Ball
2-1: Foul Ball, location: 2F
2-2: Strikes out swinging
Batting: RHB Miles Hallam 0-0: Called Strike
0-1: Foul Ball, location: 9LDF
0-2: Foul Ball, location: 2F
0-2: Ball
1-2: Foul Ball, location: 9LSF
1-2: Fly out, F7 (Line Drive, 78S, EV 86.9 MPH)
Batting: RHB Yefferson Parras 0-0: Fly out, F9 (Flyball, 89M, EV 100.6 MPH)
Bottom of the 2nd over - 0 runs, 0 hits, 0 errors, 0 left on base; Milwaukee 1 - Memphis 0
TOP OF THE 3RD
Milwaukee Brewers batting - Pitching for Memphis Blues : RHP Marc Masterson
Batting: RHB Lucas Asher 0-0: Called Strike
0-1: Ball
1-1: Swinging Strike
1-2: Strikes out looking
Batting: RHB Russ Lavin 0-0: Fly out, F3 (Popup, 3SF, EV 87.5 MPH)
Batting: LHB Yandy Zamano 0-0: Ball
1-0: Ball
2-0: Foul Ball, location: 9LMF
2-1: Ball
3-1: DOUBLE (Flyball, 8LXD, EV 101.9 MPH)
Batting: RHB Jason Jarman 0-0: Ball
1-0: Ball
2-0: Ball
3-0: Called Strike
3-1: Called Strike
3-2: Base on Balls
Batting: LHB Joshua Ragsdale 0-0: Called Strike
0-1: Ball
1-1: DOUBLE (Line Drive, 78D, EV 100.6 MPH)
Yandy Zamano scores
Jason Jarman to third
Runner from 3rd tries for Home, SAFE, throw by CF to trailing runner, SAFE at third!
Batting: RHB Nick Hodge 0-0: Called Strike
0-1: Foul Ball, location: 2F
0-2: Ball
1-2: Ground out 6-3 (Groundball, 6, EV 102.5 MPH)
Top of the 3rd over - 2 runs, 2 hits, 0 errors, 1 left on base; Milwaukee 3 - Memphis 0
BOTTOM OF THE 3RD
Memphis Blues batting - Pitching for Milwaukee Brewers : LHP Nat Southerland
Batting: LHB R.J. Brown 0-0: Ball
1-0: Called Strike
1-1: Called Strike
1-2: Ball
2-2: Ball
3-2: Base on Balls
Batting: RHB Amadeo Ybarra 0-0: SINGLE (Line Drive, 6MD, EV 95.0 MPH)
R.J. Brown to second
Runner from 2nd tries for 3rd, SAFE, throw by CF made to third
Batting: RHB Josh Benedict 0-0: Called Strike
Amadeo Ybarra steals 2nd base
0-1: Fly out, F7 (Flyball, 7LMF, EV 86.9 MPH)
Runner from 3rd tags up, SCORES, throw by LF
Batting: RHB Julien Straton 0-0: Ball
1-0: Called Strike
1-1: DOUBLE (Line Drive, 89D, EV 110.6 MPH)
Amadeo Ybarra scores
Batting: RHB Urso Cardona 0-0: Fly out, F7 (Flyball, 78M, EV 78.1 MPH)
Batting: RHB Yohan Roque 0-0: Called Strike
0-1: Called Strike
0-2: Ball
1-2: Ball
2-2: SINGLE (Groundball, 6S, EV 66.9 MPH) (infield hit)
Julien Straton to third
Batting: LHB Caleb Oliver 0-0: Called Strike
0-1: Swinging Strike
0-2: Strikes out looking
Bottom of the 3rd over - 2 runs, 3 hits, 0 errors, 2 left on base; Milwaukee 3 - Memphis 2
TOP OF THE 4TH
Milwaukee Brewers batting - Pitching for Memphis Blues : RHP Marc Masterson
Batting: RHB Enzo Thomas 0-0: Called Strike
0-1: Ball
1-1: SINGLE (Groundball, 4MD, EV 102.5 MPH)
Batting: LHB Samuel Vay 0-0: Ball
1-0: Fly out, F7 (Flyball, 7, EV 93.8 MPH)
Batting: SHB Rayan Díaz 0-0: Called Strike
0-1: Swinging Strike
0-2: Foul Ball, location: 7LSF
0-2: Strikes out swinging
Batting: RHB Lucas Asher 0-0: Ball
1-0: Ball
Passed Ball!
Enzo Thomas to second
2-0: Foul Ball, location: 2F
2-1: Foul Ball, location: 2F
2-2: Ball
3-2: SINGLE (Groundball, 4MD, EV 105.0 MPH)
Enzo Thomas to third
Runner from 3rd tries for Home, SAFE, throw by CF to home
Batting: RHB Russ Lavin 0-0: Ball
1-0: Called Strike
1-1: Ball
2-1: Ball
3-1: Foul Ball, location: 5F
3-2: Strikes out swinging
Top of the 4th over - 1 run, 2 hits, 0 errors, 1 left on base; Milwaukee 4 - Memphis 2
BOTTOM OF THE 4TH
Memphis Blues batting - Pitching for Milwaukee Brewers : LHP Nat Southerland
Batting: RHB Miles Hallam 0-0: Called Strike
0-1: Ball
1-1: Ball
2-1: Ball
3-1: Foul Ball, location: 2F
3-2: Strikes out swinging
Batting: RHB Yefferson Parras 0-0: Called Strike
0-1: Ball
1-1: Ground out 3-1 (Groundball, 34, EV 102.5 MPH)
Batting: LHB R.J. Brown 0-0: Ball
1-0: SINGLE (Groundball, 34S, EV 71.3 MPH) (infield hit)
Batting: RHB Amadeo Ybarra 0-0: Called Strike
0-1: Ball
1-1: Fly out, F8 (Flyball, 8LS, EV 88.8 MPH)
Bottom of the 4th over - 0 runs, 1 hit, 0 errors, 1 left on base; Milwaukee 4 - Memphis 2
TOP OF THE 5TH
Milwaukee Brewers batting - Pitching for Memphis Blues : RHP Marc Masterson
Batting: LHB Yandy Zamano 0-0: Swinging Strike
0-1: Ball
1-1: Ground out U3 (Groundball, 3L, EV 101.3 MPH)
Batting: RHB Jason Jarman 0-0: Ball
1-0: Foul Ball, location: 23F
1-1: Ball
2-1: SOLO HOME RUN (Flyball, 7D, EV 96.9 MPH), Distance : 366 ft
Pitching: LHP Lee Walker
Batting: LHB Joshua Ragsdale 0-0: Ball
1-0: Ball
2-0: Ball
3-0: Base on Balls
Batting: RHB Nick Hodge 0-0: Ball
1-0: SINGLE (Flyball, 34D, EV 92.5 MPH)
Joshua Ragsdale to second
Batting: RHB Enzo Thomas 0-0: Ball
1-0: Swinging Strike
1-1: Ball
2-1: Foul Ball, location: 9LMF
2-2: Strikes out swinging
Batting: LHB Samuel Vay 0-0: Ball
1-0: Called Strike
1-1: Called Strike
1-2: Ball
2-2: Ground out 4-3 (Groundball, 4, EV 83.1 MPH)
Top of the 5th over - 1 run, 2 hits, 0 errors, 2 left on base; Milwaukee 5 - Memphis 2
BOTTOM OF THE 5TH
Memphis Blues batting - Pitching for Milwaukee Brewers : LHP Nat Southerland
Batting: RHB Josh Benedict 0-0: Foul Ball, location: 3F
0-1: Fly out, F8 (Flyball, 89D, EV 96.3 MPH)
Batting: RHB Julien Straton 0-0: Ball
1-0: Called Strike
1-1: Foul Ball, location: 9LMF
1-2: Ball
2-2: Ball
3-2: TRIPLE (Line Drive, 89XD, EV 101.9 MPH)
Batting: RHB Urso Cardona 0-0: Ground out 6-3 (Groundball, 6D, EV 107.5 MPH)
Batting: RHB Yohan Roque 0-0: Fly out, F9 (Flyball, 89D, EV 96.3 MPH)
Bottom of the 5th over - 0 runs, 1 hit, 0 errors, 1 left on base; Milwaukee 5 - Memphis 2
TOP OF THE 6TH
Milwaukee Brewers batting - Pitching for Memphis Blues : LHP Lee Walker
Batting: SHB Rayan Díaz 0-0: Ball
1-0: Ball
2-0: Ball
3-0: Called Strike
3-1: Foul Ball, location: 2F
3-2: Ground out 5-3 (Groundball, 56, EV 85.6 MPH)
Batting: RHB Lucas Asher 0-0: Reached on error, E6 (Groundball, 6S, EV 85.0 MPH)
Batting: RHB Russ Lavin 0-0: Ball
1-0: Ball
2-0: Foul Ball, location: 2F
2-1: Foul Ball, location: 2F
2-2: Strikes out swinging
Batting: LHB Yandy Zamano 0-0: Ball
1-0: Ball
2-0: Called Strike
2-1: Ground out 4-3 (Groundball, 34, EV 82.5 MPH)
Top of the 6th over - 0 runs, 0 hits, 1 error, 1 left on base; Milwaukee 5 - Memphis 2
BOTTOM OF THE 6TH
Memphis Blues batting - Pitching for Milwaukee Brewers : LHP Nat Southerland
Batting: LHB Caleb Oliver 0-0: Ball
1-0: Ball
2-0: Called Strike
2-1: Called Strike
2-2: Strikes out swinging
Batting: RHB Miles Hallam 0-0: Ball
1-0: Called Strike
1-1: SINGLE (Line Drive, 4D, EV 98.1 MPH)
Batting: RHB Yefferson Parras 0-0: Ball
1-0: Ball
2-0: Ball
3-0: Called Strike
3-1: Fly out, F3 (Popup, 3S, EV 75.0 MPH)
Batting: LHB R.J. Brown 0-0: Ball
1-0: Ball
2-0: Called Strike
2-1: Foul Ball, location: 2F
2-2: Ball
3-2: Base on Balls
Miles Hallam to second
Batting: RHB Amadeo Ybarra 0-0: Fielders Choice at 2nd, 6-4 (Groundball, 6, EV 90.6 MPH)
Bottom of the 6th over - 0 runs, 1 hit, 0 errors, 2 left on base; Milwaukee 5 - Memphis 2
TOP OF THE 7TH
Milwaukee Brewers batting - Pitching for Memphis Blues : LHP Lee Walker
Batting: RHB Jason Jarman 0-0: SINGLE (Flyball, 3D, EV 95.0 MPH)
Batting: LHB Joshua Ragsdale 0-0: Ball
Jason Jarman steals 2nd base
1-0: Ball
2-0: Called Strike
2-1: Foul Ball, location: 7LDF
2-2: Ball
3-2: Base on Balls
Pitching: RHP Hastings Anderson
Batting: RHB Nick Hodge 0-0: Ground out 6-3 (Groundball, P, EV 92.5 MPH)
Jason Jarman to third
Joshua Ragsdale to second
Batting: RHB Enzo Thomas 0-0: Called Strike
0-1: Foul Ball, location: 2F
0-2: 3-RUN HOME RUN (Flyball, 78XD, EV 97.5 MPH), Distance : 399 ft
Batting: LHB Samuel Vay 0-0: Ball
1-0: Ball
2-0: Swinging Strike
2-1: Swinging Strike
2-2: Strikes out swinging, 2-3 out at first.
Batting: SHB Rayan Díaz 0-0: Called Strike
0-1: Called Strike
0-2: Ball
1-2: Ball
2-2: Ball
3-2: Strikes out swinging
Top of the 7th over - 3 runs, 2 hits, 0 errors, 0 left on base; Milwaukee 8 - Memphis 2
BOTTOM OF THE 7TH
Memphis Blues batting - Pitching for Milwaukee Brewers : LHP Nat Southerland
Batting: RHB Josh Benedict 0-0: Ball
1-0: SINGLE (Line Drive, 78M, EV 109.4 MPH)
Batting: RHB Julien Straton 0-0: Called Strike
0-1: Grounds into double play, 4-6-3 (Groundball, 4, EV 78.1 MPH)
Batting: RHB Urso Cardona 0-0: Ball
1-0: Fly out, F7 (Flyball, 78M, EV 110.0 MPH)
Bottom of the 7th over - 0 runs, 1 hit, 0 errors, 0 left on base; Milwaukee 8 - Memphis 2
TOP OF THE 8TH
Milwaukee Brewers batting - Pitching for Memphis Blues : RHP Hastings Anderson
Batting: RHB Lucas Asher 0-0: Swinging Strike
0-1: Ball
1-1: Ball
2-1: Ball
3-1: SINGLE (Groundball, 56D, EV 96.3 MPH)
Batting: RHB Russ Lavin 0-0: Ball
Lucas Asher steals 2nd base
1-0: Called Strike
1-1: Ball
2-1: Foul Ball, location: 25FF
2-2: Ball
3-2: Strikes out swinging
Batting: LHB Yandy Zamano 0-0: Foul Ball, location: 3F
0-1: Foul Ball, location: 25F
0-2: Hit by Pitch
Batting: RHB Jason Jarman 0-0: Called Strike
0-1: Ball
1-1: Ball
2-1: Foul Ball, location: 3FF
2-2: Strikes out swinging
Batting: LHB Joshua Ragsdale 0-0: Called Strike
0-1: Hit by Pitch
Lucas Asher to third
Yandy Zamano to second
Batting: RHB Nick Hodge 0-0: Swinging Strike
0-1: Called Strike
0-2: Foul Ball, location: 5F
0-2: Foul Ball, location: 5F
0-2: Ball
1-2: Strikes out swinging
Top of the 8th over - 0 runs, 1 hit, 0 errors, 3 left on base; Milwaukee 8 - Memphis 2
BOTTOM OF THE 8TH
Memphis Blues batting - Pitching for Milwaukee Brewers : LHP Nat Southerland
Batting: RHB Yohan Roque 0-0: Ball
1-0: Foul Ball, location: 5FF
1-1: Fly out, F9 (Line Drive, 89M, EV 91.9 MPH)
Batting: LHB Caleb Oliver 0-0: Ball
1-0: Ball
2-0: Ball
3-0: Called Strike
3-1: SOLO HOME RUN (Flyball, 9D, EV 93.1 MPH), Distance : 359 ft
Batting: RHB Miles Hallam 0-0: Called Strike
0-1: Ball
1-1: Ball
2-1: SOLO HOME RUN (Flyball, 7D, EV 100.0 MPH), Distance : 401 ft
Batting: RHB Yefferson Parras 0-0: Ground out 4-3 (Groundball, 34, EV 107.5 MPH)
Batting: LHB R.J. Brown 0-0: Swinging Strike
0-1: Swinging Strike
0-2: DOUBLE (Line Drive, 7LS, EV 104.4 MPH)
Pitching: RHP Corey Milton
Batting: RHB Amadeo Ybarra 0-0: Foul Ball, location: 9LMF
0-1: Fly out, F9 (Flyball, 9D, EV 104.4 MPH)
Bottom of the 8th over - 2 runs, 3 hits, 0 errors, 1 left on base; Milwaukee 8 - Memphis 4
TOP OF THE 9TH
Milwaukee Brewers batting - Pitching for Memphis Blues : RHP Hastings Anderson
Batting: RHB Enzo Thomas 0-0: Ball
1-0: Fly out, F8 (Flyball, 8RXD, EV 91.9 MPH)
Batting: LHB Samuel Vay 0-0: Ball
1-0: Ground out 6-3 (Groundball, 6, EV 85.6 MPH)
Batting: SHB Rayan Díaz 0-0: Foul Ball, location: 2F
0-1: Ground out 4-3 (Groundball, 4, EV 104.4 MPH)
Top of the 9th over - 0 runs, 0 hits, 0 errors, 0 left on base; Milwaukee 8 - Memphis 4
BOTTOM OF THE 9TH
Memphis Blues batting - Pitching for Milwaukee Brewers : RHP Corey Milton
Batting: RHB Josh Benedict 0-0: Foul Ball, location: 2F
0-1: Swinging Strike
0-2: Strikes out swinging
Batting: RHB Julien Straton 0-0: Called Strike
0-1: Fly out, F2 (Popup, 23F, EV 71.3 MPH)
Batting: RHB Urso Cardona 0-0: Foul Ball, location: 2F
0-1: Ball
1-1: Called Strike
1-2: Foul Ball, location: 2F
1-2: Strikes out swinging
Bottom of the 9th over - 0 runs, 0 hits, 0 errors, 0 left on base; Milwaukee 8 - Memphis 4
Saturday, April 20th , 2024 - OOTP Baseball 24.11 Build 85